 Dungeon Crawl Stone Soup version 0.18.1-50-g88ac8fd (webtiles) character file.

2068 ololoev the Thaumaturge (level 9, -15/45 HPs)
             Began as a Deep Elf Earth Elementalist on Nov 29, 2016.
             Was a Follower of Vehumet.
             Killed from afar by Erolcha (23 damage)
             ... with a bolt of lightning
             ... on level 8 of the Dungeon.
             The game lasted 00:19:22 (1727 turns).

ololoev the Thaumaturge (DEEE)                      Turns: 1727, Time: 00:19:24

Health: -15/45     AC:  2    Str:  5    XL:     9   Next: 5%
Magic:  24/24      EV: 13    Int: 24    God:    Vehumet [*.....]
Gold:   134        SH:  0    Dex: 17    Spells: 5 memorised, 15 levels left

rFire  . . .     SeeInvis .     b - 8 stones
rCold  . . .     Gourm    .     n - +0 robe
rNeg   . . .     Faith    .     (no shield)
rPois  .         Spirit   .     (no helmet)
rElec  .         Dismiss  .     (no cloak)
rCorr  .         Reflect  .     (no gloves)
SustAt .         Harm     .     (no boots)
MR     .....                    (no amulet)
Stlth  ++........               (no ring)
                                p - +2 ring of dexterity

@: not resistant to hostile enchantments, unstealthy
A: no striking features
a: Renounce Religion

Inventory:

Hand Weapons
 a - a +1 dagger of draining
Missiles
 b - 8 stones (in hand)
Armour
 n - a +0 robe (worn)
Jewellery
 p - a +2 ring of dexterity (left hand)
Wands
 e - a wand of enslavement (0/24)
Scrolls
 g - 3 scrolls of immolation
 k - a scroll of recharging {unknown}
 o - a scroll of teleportation {unknown}
 v - a scroll of magic mapping {unknown}
 y - 2 scrolls of remove curse
 B - a scroll of enchant armour {unknown}
Potions
 f - a potion of beneficial mutation {unknown}
 h - 3 potions of lignification {unknown}
 i - a potion of magic {unknown}
 l - 3 potions of haste {unknown}
 m - a potion of cure mutation {unknown}
 q - a potion of ambrosia {unknown}
 s - 3 potions of curing
 w - 3 potions of flight {unknown}
 x - a potion of agility {unknown}
 z - a potion of might {unknown}
 E - a potion of cancellation {unknown}
Books
 c - a book of Geomancy

   Spells                             Type                      Level
   a - Sandblast                      Earth                        1
   b - Passwall                       Transmutation/Earth          2
   c - Stone Arrow                    Conjuration/Earth            3
   d - Petrify                        Transmutation/Earth          4
   e - Lee's Rapid Deconstruction     Earth                        5
Comestibles
 d - 2 bread rations
 A - 2 meat rations
 D - a slice of pizza


   Skills:
 - Level 2.4 Dodging
 - Level 2.4 Stealth
 + Level 9.8 Spellcasting
 + Level 7.5 Conjurations
 - Level 1.1 Transmutations
 * Level 3.8 Fire Magic
 - Level 6.5 Earth Magic


You had 15 spell levels left.
You knew the following spells:

 Your Spells              Type           Power        Failure   Level  Hunger
a - Sandblast             Erth           #####.       1%          1    None
b - Stone Arrow           Conj/Erth      #####.       1%          3    None
c - Lee's Rapid Deconstr  Erth           #####.....   14%         5    ####...
d - Flame Tongue          Conj/Fire      #####        1%          1    None
w - Passwall              Trmt/Erth      ####......   1%          2    None


You were on level 8 of the Dungeon.
You worshipped Vehumet.
Vehumet was aware of your devotion.
You were hungry.

You visited 1 branch of the dungeon, and saw 8 of its levels.
You also visited: Ossuary.

You collected 134 gold pieces.

.# . . ##.... . .. #.
.....#. ..#.#####.....#
##.....##...#.###..
#......##......[...
...#.^..............
#.O...@#.....#..[..
...#........# ....### $.
........#.#.##.......
#.##....#.#..#.#..# ....
....####.......<##....> #..
.... .....##.#........ ##...
..#####.##......#≈../
.###....##.. ..........#W≈#
##
.......##..###..####.#.#;..#

Notes
Turn   | Place    | Note
--------------------------------------------------------------
     0 | D:1      | ololoev the Deep Elf Earth Elementalist began the quest for the Orb.
     0 | D:1      | Reached XP level 1. HP: 10/10 MP: 6/6
     0 | D:1      | ololoev: eto bilo unizitelno
    13 | D:1      | Iwannabefree: проебал палку хасты
    16 | D:1      | Iwannabefree: эх
    58 | D:1      | You fall through a shaft!
   105 | D:2      | Found a bloodstained altar of Trog.
   105 | D:2      | Found a glowing golden altar of the Shining One.
   186 | D:3      | Found an iron altar of Okawaru.
   188 | D:3      | Found a white marble altar of Elyvilon.
   189 | D:3      | Found an opulent altar of Gozag.
   199 | D:3      | Reached XP level 2. HP: 15/15 MP: 5/8
   248 | D:3      | Found a runed door.
   248 | D:3      | Noticed a human
   264 | D:3      | Found a basalt altar of Yredelemnul.
   272 | D:3      | Learned a level 2 spell: Passwall
   354 | D:2      | Reached skill level 4 in Spellcasting
   460 | D:4      | Noticed an ogre
   465 | D:4      | Killed an ogre
   465 | D:4      | Reached skill level 5 in Spellcasting
   465 | D:4      | Reached XP level 3. HP: 19/19 MP: 6/11
   465 | D:4      | Reached XP level 4. HP: 24/24 MP: 7/13
   470 | D:4      | Learned a level 3 spell: Stone Arrow
   497 | D:4      | Noticed an ogre
   504 | D:4      | Killed an ogre
   504 | D:4      | Reached skill level 5 in Earth Magic
   504 | D:4      | Reached XP level 5. HP: 28/28 MP: 10/15
   541 | D:4      | Reached skill level 6 in Spellcasting
   548 | D:4      | Noticed an ogre
   553 | D:4      | Killed an ogre
   553 | D:4      | Reached XP level 6. HP: 32/32 MP: 9/17
   560 | D:4      | Learned a level 5 spell: Lee's Rapid Deconstruction
   567 | D:4      | Found a sand-covered staircase.
   571 | Ossuary  | Entered an ossuary
   714 | Ossuary  | jacquesderrida: LALEEV
   780 | D:4      | Reached skill level 7 in Spellcasting
   817 | D:4      | Reached XP level 7. HP: 30/36 MP: 12/19
   988 | D:5      | Entered Level 5 of the Dungeon
  1003 | D:5      | Reached skill level 8 in Spellcasting
  1015 | D:4      | Found a deep blue altar of Sif Muna.
  1034 | D:4      | Found an ancient bone altar of Kikubaaqudgha.
  1035 | D:4      | Found a radiant altar of Vehumet.
  1045 | D:4      | Became a worshipper of Vehumet
  1140 | D:6      | Found Puqez's Jewellery Shoppe.
  1142 | D:6      | Reached skill level 5 in Conjurations
  1142 | D:6      | Reached XP level 8. HP: 25/41 MP: 13/22
  1202 | D:6      | Iwannabefree: -5 аккураси это много?
  1202 | D:6      | Iwannabefree: ??accuracy
  1202 | D:6      | ololoev: пофиг кроме как в эрли когда у тебя скилл мелкий
  1202 | D:6      | ololoev: ну или на больших пушках может немного сказываться
  1226 | D:6      | Iwannabefree: у меня был эльф
  1226 | D:6      | Iwannabefree: с триплером и инакком
  1226 | D:6      | Iwannabefree: выебли
  1226 | D:6      | jacquesderrida: Почему -5?
  1226 | D:6      | jacquesderrida: Амулет, говорят под -10 дает
  1226 | D:6      | jacquesderrida: Из-за какой-то хуиты в формулах...
  1315 | D:7      | Reached skill level 9 in Spellcasting
  1396 | D:7      | Reached * piety under Vehumet
  1396 | D:7      | Offered knowledge of Flame Tongue by Vehumet.
  1399 | D:7      | Learned a level 1 spell: Flame Tongue
  1417 | D:7      | Noticed Menkaure
  1423 | D:7      | Killed Menkaure
  1423 | D:7      | Reached skill level 1 in Fire Magic
  1557 | D:7      | Noticed dscm's ghost (amateur DDFi)
  1594 | D:7      | Reached XP level 9. HP: 45/45 MP: 11/24
  1725 | D:8      | Noticed Erolcha
  1727 | D:8      | Killed from afar by Erolcha

Dungeon Overview and Level Annotations

Branches:
Dungeon (8/15)
 Temple: D:4-7         Lair: D:8-11

Altars:
Elyvilon
Gozag
Kikubaaqudgha
Okawaru
Sif Muna
Trog
Vehumet
Yredelemnul
The Shining One

Shops:
D:6 =

Annotations:
D:3 1 runed door
D:7 dscm's ghost, amateur DDFi
D:8 Erolcha


Message History

Casting: Sandblast
Confirm with . or Enter, or press ? or * to list all spells.
Aiming: Sandblast
Press: ? - help, Shift-Dir - straight line, f/p - wight
Aim: a wight, wielding a falchion and wearing a robe (heavily damaged)
The rocky blast hits the wight.
You destroy the wight!
Vehumet accepts your kill.
Items here: )) [[ a falchion; a robe; a flail; a robe
Found 24 stones.
Things that are here:
a flail of draining; a leather armour; an orc corpse
Things that are here:
a war axe; a robe Dscm's ghost turns its malevolent gaze towards you.
Things that are here:
a war axe; a robe Evoke which item? (* to show all) (? for menu, Esc to quit)
Zapping:
e - a wand of enslavement {zapped: 7} (will waste charges)
Press: ? - help, Shift-Dir - straight line, f - dscm's ghost
Aim: dscm's ghost (chance to defeat MR: 28%)
Okay, then.
Things that are here:
a war axe; a robe
Found 13 gold pieces.
You see here 13 gold pieces.
Found a stone staircase leading down.
There is a stone staircase leading down here.
You climb downwards.
There is a stone staircase leading up here.
Found 12 gold pieces.
A hound skeleton comes into view.
Casting: Sandblast
Confirm with . or Enter, or press ? or * to list all spells.
Aiming: Sandblast
Press: ? - help, Shift-Dir - straight line, f - hound skeleton
Aim: a hound skeleton The rocky blast hits the hound skeleton.
Casting: Sandblast
Confirm with . or Enter, or press ? or * to list all spells.
Aiming: Sandblast
Press: ? - help, Shift-Dir - straight line, f/p - hound skeleton
Aim: a hound skeleton The rocky blast hits the hound skeleton.
You destroy the hound skeleton!
Vehumet accepts your kill.
You feel your power returning.
Found an escape hatch in the ceiling.
An orc and an electric eel come into view.
Found an encrusted pearl ring.
An orc comes into view. It is wielding a club.
The orc shouts!
The electric eel moves out of view.
The orc moves out of view.
Found a stone staircase leading down.
You are feeling hungry.
A phantom comes into view.
Found a curved gold wand, a hat and a shield.
All of the chunks of flesh in your inventory have rotted away.
Erolcha the Cunning comes into view.
She is wielding an enchanted giant club.
You found a teleport trap!
Erolcha shouts!
You see here an encrusted pearl ring.
Evoke which item? (* to show all) (? for menu, Esc to quit)
Zapping:
e - a wand of enslavement {zapped: 7} (will waste charges)
Press: ? - help, Shift-Dir - straight line, f - Erolcha
Aim: Erolcha, wielding an enchanted giant club and wearing a robe (chance to defeat MR: 15%) Erolcha resists with almost no effort.
Evoking this partially-identified wand wasted a few charges.
Evoke which item? (* to show all) (? for menu, Esc to quit)
Zapping:
e - a wand of enslavement {zapped: 10} (will waste charges)
Press: ? - help, Shift-Dir - straight line, f/p - Erolcha
Aim: Erolcha, wielding an enchanted giant club and wearing a robe (chance to defeat MR: 15%) Nothing appears to happen.
Erolcha casts a spell at you. The bolt of lightning hits you!
Ouch! That really hurt!
The bolt of lightning hits you!
Ouch! That really hurt!
You die...

You could see Erolcha.

Vanquished Creatures
  Menkaure (D:7)
  2 phantoms (D:7)
  7 ogres
  3 centaurs
  A giant frog (D:7)
  A scorpion (D:4)
  4 wights (D:7)
  A giant frog zombie (D:6)
  A hound (D:4)
  A jelly (D:5)
  7 orc wizards
  2 orc priests
  A gnoll shaman (D:7)
  A giant frog skeleton (D:6)
  An iguana (D:6)
  2 worker ants (D:7)
  A hound skeleton (D:8)
  4 mummies (Ossuary)
  A worker ant zombie (D:7)
  3 gnolls (D:7)
  2 adders
  An ooze (D:4)
  An adder zombie (D:5)
  An adder skeleton (D:4)
  A dart slug (D:1)
  3 giant geckos
  18 orcs
  A ball python (D:7)
  2 bats
  3 goblins
  2 hobgoblins
  3 jackals (D:4)
  A quokka (D:7)
  A giant newt (D:7)
  3 kobolds (D:2)
  A kobold skeleton (D:3)
  A quokka skeleton (D:4)
  2 rats
92 creatures vanquished.

Vanquished Creatures (others)
  A quokka zombie (D:7)
1 creature vanquished.

Grand Total: 93 creatures vanquished

Action                   |  1- 3 |  4- 6 |  7- 9 || total
-------------------------+-------+-------+-------++-------
 Cast: Sandblast         |    28 |    30 |    76 ||   134
       Stone Arrow       |       |     1 |     8 ||     9
       Lee's Rapid Decon |       |       |     4 ||     4
       Passwall          |       |       |     1 ||     1
Evoke: Wand              |       |       |     4 ||     4
  Use: Scroll            |       |       |     8 ||     8
  Eat: Chunk             |       |       |     3 ||     3
Armor: Robe              |     3 |       |     1 ||     4
Dodge: Dodged            |     2 |     7 |     9 ||    18

Vault maps used:
D:1:      dpeg_arrival_rooms_with_view, st_stairs_2, minivault_19
D:2:      gammafunk_temple_overflow_statue
D:3:      grunt_temple_overflow_open, first_bread, dk_yredelemnul_ordeal
D:4:      grunt_temple_overflow_magic_moments, enter_ossuary_5
D:5:      amethyst_overflow_temple_binary, minmay_temple_entry_junction,
          minivault_5
D:6:      serial_shops, shop
D:7:      uniq_menkaure
D:8:      kennysheep_mini_moat, basic_altar, grunt_livestock,
          nicolae_water_bricks, minmay_misc_feat_diagonals,
          trog_ov_bears_minmay, uniq_pikel, uniq_erolcha
Ossuary:  ossuary_crypta
